 Dungeon Crawl Stone Soup version 0.22.1-1-ga44c0e5 (webtiles) character file.

373 lukekx100 the Insei (level 6, 0/47 HPs)
             Began as a Gnoll Transmuter on Oct 19, 2018.
             Slain by a bat (1 damage)
             ... summoned by Eustachio
             ... on level 4 of the Dungeon.
             The game lasted 00:18:10 (4526 turns).

lukekx100 the Insei (Gnoll Transmuter)              Turns: 4526, Time: 00:18:10

Health: 0/47       AC:  2    Str: 13      XL:     6   Next: 72%
Magic:  11/14      EV: 24    Int: 17      God:
Gold:   99         SH:  0    Dex: 19 (20) Spells: 0/15 levels left

rFire    . . .     SeeInvis .     - Unarmed
rCold    . . .     Gourm    .   (shield currently unavailable)
rNeg     . . .     Faith    .   (armour currently unavailable)
rPois    x         Spirit   .   (helmet currently unavailable)
rElec    .         Reflect  .   (cloak currently unavailable)
rCorr    .         Harm     .   (gloves currently unavailable)
MR       .....                  (boots currently unavailable)
Stlth    ++........             (no amulet)
HPRegen  0.15/turn              (no ring)
MPRegen  0.14/turn              (no ring)

@: spider-form (expiring)
A: tiny, distributed training, strong nose
a: End Transformation


You were on level 4 of the Dungeon.
You were not hungry.
You were a venomous arachnid creature.
You visited 1 branch of the dungeon, and saw 4 of its levels.

You collected 99 gold pieces.

Inventory:

Hand Weapons
 g - a +0 short sword (melded)
Armour
 b - a +0 robe
 c - a +0 pair of gloves (melded)
 j - a +2 robe of magic resistance (melded)
Wands
 n - a wand of iceblast (15)
Scrolls
 a - 2 scrolls of enchant weapon {unknown}
 e - 3 scrolls of teleportation {unknown}
 i - 2 scrolls of fog {unknown}
 o - a scroll of amnesia {unknown}
 q - a scroll of identify {unknown}
Potions
 f - a potion of invisibility {unknown}
 h - a potion of heal wounds {unknown}
 k - 2 potions of agility {unknown}
 l - a potion of degeneration {unknown}
 m - 2 potions of berserk rage {unknown}
 p - 2 potions of ambrosia {unknown}
 r - a potion of mutation {unknown}
 s - a potion of brilliance {unknown}
 t - a potion of resistance {unknown}
Comestibles
 d - 3 rations


   Skills:
 + Level 3.3 Fighting
 + Level 2.0 Short Blades
 + Level 2.0 Long Blades
 + Level 2.0 Axes
 + Level 2.0 Maces & Flails
 + Level 2.0 Polearms
 + Level 2.0 Staves
 + Level 2.0 Slings
 + Level 2.0 Bows
 + Level 2.0 Crossbows
 + Level 2.0 Throwing
 + Level 2.0 Armour
 + Level 5.0 Dodging
 + Level 2.0 Stealth
 + Level 2.0 Shields
 + Level 6.8 Unarmed Combat
 + Level 5.4 Spellcasting
 + Level 1.6 Conjurations
 + Level 1.6 Hexes
 + Level 1.6 Charms
 + Level 1.6 Summonings
 + Level 1.6 Necromancy
 + Level 1.6 Translocations
 + Level 4.1 Transmutations
 + Level 1.6 Fire Magic
 + Level 1.6 Ice Magic
 + Level 1.6 Air Magic
 + Level 1.6 Earth Magic
 + Level 1.6 Poison Magic
 + Level 2.2 Invocations
 + Level 2.0 Evocations


You couldn't memorise any spells.
You knew the following spells:

 Your Spells              Type           Power        Failure   Level  Hunger
a - Beastly Appendage     Tmut           ###...       10%         1    None
b - Sticks to Snakes      Tmut           ###.....     12%         2    #......
c - Spider Form           Tmut/Pois      ##........   28%         3    ##.....
d - Ice Form              Ice/Tmut       ##......     61%         4    ####...
e - Blade Hands           Tmut           ###.......   77%         5    ######.

Your spell library contained the following spells:

 Spells                   Type           Power        Failure   Level  Hunger


Dungeon Overview and Level Annotations

Branches:
Dungeon (4/15)
 Temple: D:4-7

Altars:
Okawaru

Annotations:
D:4 Eustachio


Innate Abilities, Weirdness & Mutations

Your experience applies equally to all skills.
((You have very sharp teeth.))
Your uncanny sense of smell can sniff out nearby items.


Message History

The iron imp is moderately wounded.
The bat misses you. The bat completely misses you. x2
The bat hits you but does no damage. The bat misses you.
You hit the iron imp.
The iron imp is severely wounded.
Your transformation is almost over.
The bat barely misses you. The bat misses you. The iron imp closely misses you.
The bat completely misses you.
You hit the iron imp.
The iron imp is almost dead.
The bat misses you. The bat completely misses you. The bat closely misses you.
The iron imp hits you!
* * * LOW HITPOINT WARNING * * *
You bite the iron imp!
You kill the iron imp!
The bat misses you. x3
Eustachio gestures wildly while chanting.
You hit the quasit but do no damage. The bat closely misses you. x2
The bat hits you.
You die...

........#
........##
.........#
.........#
####.....###
######....####
#.....###.555###
#......#####@bb####
#.......## ###bs55#
#........#
####)....#
#........## ###..##
##........# ..#
#........# ...
#.......## ..##∆
##......# .#
#.....## .. ##....#


You could see Eustachio, 3 iron imps, a quasit, a white imp and 3 bats.

Vanquished Creatures
  An ogre (D:4)
  A hound (D:3)
  An orc priest (D:4)
  2 orc wizards (D:3)
  Jessica (D:2)
  A hound skeleton (D:4)
  3 gnolls
  3 adders
  An adder skeleton (D:2)
  A worm (D:2)
  2 dart slugs (D:1)
  7 leopard geckos
  5 orcs
  4 giant cockroaches
  4 goblins
  5 hobgoblins
  6 jackals
  3 quokkas (D:3)
  A ball python (D:1)
  7 bats
  A frilled lizard (D:2)
  5 kobolds
  5 rats
70 creatures vanquished.

Vanquished Creatures (collateral kills)
  A bat (D:1)
1 creature vanquished.

Grand Total: 71 creatures vanquished

Notes
Turn   | Place    | Note
-------+----------+-------------------------------------------
     0 | D:1      | lukekx100 the Gnoll Transmuter began the quest for the Orb.
     0 | D:1      | Reached XP level 1. HP: 17/17 MP: 6/6
   354 | D:1      | Reached XP level 2. HP: 18/23 MP: 7/7
   525 | D:1      | Learned a level 2 spell: Sticks to Snakes
  1624 | D:1      | Reached skill level 5 in Spellcasting
  1624 | D:1      | Reached XP level 3. HP: 17/28 MP: 1/9
  1629 | D:1      | Learned a level 3 spell: Spider Form
  1754 | D:2      | Reached skill level 1 in Invocations
  1864 | D:2      | Noticed Jessica
  1869 | D:2      | Killed Jessica
  1869 | D:2      | Reached skill level 1 in Short Blades
  1869 | D:2      | Reached skill level 1 in Long Blades
  1869 | D:2      | Reached skill level 1 in Axes
  1869 | D:2      | Reached skill level 1 in Maces & Flails
  1869 | D:2      | Reached skill level 1 in Polearms
  1869 | D:2      | Reached skill level 1 in Staves
  1869 | D:2      | Reached skill level 1 in Slings
  1869 | D:2      | Reached skill level 1 in Bows
  1869 | D:2      | Reached skill level 1 in Crossbows
  1869 | D:2      | Reached skill level 1 in Throwing
  1869 | D:2      | Reached skill level 1 in Armour
  1869 | D:2      | Reached skill level 1 in Stealth
  1869 | D:2      | Reached skill level 1 in Shields
  1869 | D:2      | Reached skill level 1 in Evocations
  1869 | D:2      | Reached XP level 4. HP: 18/34 MP: 0/11
  2025 | D:2      | Learned a level 4 spell: Ice Form
  2352 | D:2      | Reached skill level 1 in Conjurations
  2352 | D:2      | Reached skill level 1 in Hexes
  2352 | D:2      | Reached skill level 1 in Charms
  2352 | D:2      | Reached skill level 1 in Summonings
  2352 | D:2      | Reached skill level 1 in Necromancy
  2352 | D:2      | Reached skill level 1 in Translocations
  2352 | D:2      | Reached skill level 1 in Fire Magic
  2352 | D:2      | Reached skill level 1 in Ice Magic
  2352 | D:2      | Reached skill level 1 in Air Magic
  2352 | D:2      | Reached skill level 1 in Earth Magic
  2352 | D:2      | Reached skill level 1 in Poison Magic
  2667 | D:2      | Reached XP level 5. HP: 40/40 MP: 8/12
  3100 | D:3      | Found an iron altar of Okawaru.
  3919 | D:3      | Reached XP level 6. HP: 47/47 MP: 9/13
  4266 | D:3      | Learned a level 5 spell: Blade Hands
  4316 | D:4      | Reached skill level 5 in Dodging
  4467 | D:4      | Noticed Eustachio
  4524 | D:4      | HP: 1/47 [iron imp[Eustachio] (11)]
  4526 | D:4      | Slain by a bat

Skill      XL: |  1  2  3  4  5  6 |
---------------+-------------------+-----
Spellcasting   | 5 |  5.4
Invocations    | 1 2 |  2.2
Short Blades   | 1 2 |  2.0
Long Blades    | 1 2 |  2.0
Axes           | 1 2 |  2.0
Maces & Flails | 1 2 |  2.0
Polearms       | 1 2 |  2.0
Staves         | 1 2 |  2.0
Slings         | 1 2 |  2.0
Bows           | 1 2 |  2.0
Crossbows      | 1 2 |  2.0
Throwing       | 1 2 |  2.0
Armour         | 1 2 |  2.0
Stealth        | 1 2 |  2.0
Shields        | 1 2 |  2.0
Evocations     | 1 2 |  2.0
Conjurations   | 1 |  1.6
Hexes          | 1 |  1.6
Charms         | 1 |  1.6
Summonings     | 1 |  1.6
Necromancy     | 1 |  1.6
Translocations | 1 |  1.6
Fire Magic     | 1 |  1.6
Ice Magic      | 1 |  1.6
Air Magic      | 1 |  1.6
Earth Magic    | 1 |  1.6
Poison Magic   | 1 |  1.6
Fighting       | 3 |  3.3
Transmutations | 4 |  4.1
Dodging        | 5 |  5.0
Unarmed Combat | |  6.8

Action                   |  1- 3 |  4- 6 || total
-------------------------+-------+-------++-------
Melee: Unarmed           |    39 |   138 ||   177
       Bite              |     5 |     4 ||     9
       Punch             |     2 |     1 ||     3
       Short sword       |    17 |    33 ||    50
 Cast: Sticks to Snakes  |    28 |     3 ||    31
       Beastly Appendage |     1 |       ||     1
       Spider Form       |     2 |    28 ||    30
  Use: Scroll            |     1 |       ||     1
 Stab: Sleeping          |     2 |     2 ||     4
  Eat: Ration            |     1 |     2 ||     3
       Chunk             |       |     4 ||     4
Armor: Robe              |     9 |    10 ||    19
       Skin              |       |     6 ||     6
Dodge: Dodged            |    40 |   191 ||   231
